 Dungeon Crawl Stone Soup version 0.27-a0-1359-ga2a4dfd6fd (webtiles) character file.

Game seed: 3463637642529934127

191 ipx the Firebug (level 5, -1/28 HPs)
             Began as a Deep Elf Fire Elementalist on June 28, 2021.
             Slain by Pikel (9 damage)
             ... on level 4 of the Dungeon.
             The game lasted 00:13:51 (1264 turns).

ipx the Firebug (Deep Elf Fire Elementalist)        Turns: 1264, Time: 00:13:52

Health: -1/28      AC:  3    Str:  5    XL:     5   Next: 41%
Magic:  0/11       EV: 13    Int: 21    God:
Gold:   102        SH:  0    Dex: 15    Spells: 2/10 levels left

rFire    . . .     SeeInvis .   a - +1 short sword (speed)
rCold    . . .     Faith    .   (no shield)
rNeg     . . .     Spirit   .   e - +0 robe
rPois    .         Reflect  .   (no helmet)
rElec    .         Harm     .   (no cloak)
rCorr    .         Rampage  .   (no gloves)
Will     .....                  d - +0 pair of boots
Stlth    ++........             K - amulet of the acrobat
HPRegen  0.09/turn              (no ring)
MPRegen  0.12/turn              (no ring)

@: no status effects
A: no striking features
a: no special abilities


You were on level 4 of the Dungeon.
You visited 1 branch of the dungeon, and saw 4 of its levels.

You collected 102 gold pieces.

Inventory:

Hand Weapons
 a - a +1 short sword of speed (weapon)
Missiles
 f - 8 poisoned darts
 h - 6 javelins
Armour
 d - a +0 pair of boots (worn)
 e - a +0 robe (worn)
Jewellery
 K - an amulet of the acrobat (around neck)
Scrolls
 g - a scroll of enchant armour {unknown}
 i - a scroll of teleportation {unknown}
 j - a scroll of enchant weapon {unknown}
 k - a scroll of identify {unknown}
Potions
 b - 2 potions of haste {unknown}
 c - 2 potions of curing {unknown}
 l - a potion of brilliance {unknown}


   Skills:
 + Level 3.4 Dodging
 - Level 3.0 Stealth
 - Level 3.0 Spellcasting
 * Level 4.3 Conjurations
 + Level 4.4 Fire Magic


You had 2 spell levels left.
You knew the following spells:

 Your Spells              Type           Power      Damage    Failure   Level
c - Conjure Flame         Conj/Fire      21%        6-21      7%          3
t - Sticky Flame          Conj/Fire      21%        2d4       22%         4
x - Foxfire               Conj/Fire      84%        2x1d8     2%          1

Your spell library contained the following spells:

 Spells                   Type           Power      Damage    Failure   Level
 Inner Flame              Hex/Fire       12%        N/A       16%         3
 Fireball                 Conj/Fire      10%        3d6       52%         5


Dungeon Overview and Level Annotations

Branches:
Dungeon (4/15)
 Temple: D:4-7

Altars:
Qazlal

Shops:
D:1 (

Annotations:
D:4 Pikel


Message History

Confirm with . or Enter, or press ? or * to list all spells.
You conjure some foxfire!
The foxfire hits Pikel but does no damage.
Pikel is moderately wounded.
The foxfire hits Pikel but does no damage.
Pikel is moderately wounded.
The foxfire hits Pikel.
Pikel is moderately wounded.
Casting: Foxfire (safe; 2% risk of failure)
Confirm with . or Enter, or press ? or * to list all spells.
You conjure some foxfire!
The foxfire hits Pikel.
Pikel is moderately wounded.
The foxfire hits Pikel.
Pikel is heavily wounded.
Casting: Foxfire (safe; 2% risk of failure)
Confirm with . or Enter, or press ? or * to list all spells.
You conjure some foxfire!
The foxfire hits Pikel.
Pikel is heavily wounded.
The foxfire hits Pikel but does no damage.
Pikel is heavily wounded.
Pikel hits you with a +0 whip of flaming!
Pikel burns you.
Casting: Foxfire (safe; 2% risk of failure)
Confirm with . or Enter, or press ? or * to list all spells.
You conjure some foxfire!
The foxfire hits Pikel.
Pikel is severely wounded.
The foxfire hits Pikel.
Pikel is severely wounded.
Pikel hits you with a +0 whip of flaming.
Pikel burns you.
* * * LOW HITPOINT WARNING * * *
Casting: Foxfire (safe; 2% risk of failure)
Confirm with . or Enter, or press ? or * to list all spells.
You conjure some foxfire!
The foxfire hits Pikel.
Pikel is severely wounded.
The foxfire hits Pikel but does no damage.
Pikel is severely wounded.
Pikel waves his whip at you.
Pikel hits you with a +0 whip of flaming!
You die...

.... .....
................
.
................
.. ...!... ...
..5.#..
#..####....5
#..(....5.
#......K# #§@v#
#§§v# #...#
..... .......
.........
##.........
#..........


You could see Pikel (ally target) and 3 lemures.

Vanquished Creatures
  A lemure (D:3)
  A phantom (D:3)
  A hound skeleton (D:3)
  4 adders
  4 dart slugs
  An orc (D:3)
  3 ball pythons
  3 endoplasms
  12 giant cockroaches (D:3)
  2 goblins
  4 hobgoblins
  4 jackals (D:2)
  2 kobolds
  6 bats
  4 frilled lizards
  A jackal skeleton (D:2)
  4 rats
57 creatures vanquished.

Vanquished Creatures (others)
  165 foxfires
165 creatures vanquished.

Grand Total: 222 creatures vanquished

Notes
Turn   | Place    | Note
-------+----------+-------------------------------------------
     0 | D:1      | ipx the Deep Elf Fire Elementalist began the quest for the
                  | Orb.
     0 | D:1      | Reached XP level 1. HP: 10/10 MP: 6/6
   143 | D:1      | Found a faded altar of an unknown god.
   203 | D:1      | Reached XP level 2. HP: 15/15 MP: 4/8
   246 | D:1      | Found Wyusekov's Antique Weapon Shop.
   534 | D:2      | Reached XP level 3. HP: 19/19 MP: 6/9
   538 | D:2      | Learned a level 3 spell: Conjure Flame
   641 | D:3      | Found a stormy altar of Qazlal.
   800 | D:3      | Reached XP level 4. HP: 22/24 MP: 2/10
   805 | D:3      | Learned a level 4 spell: Sticky Flame
  1064 | D:4      | Noticed Pikel
  1064 | D:4      | Noticed a lemure
  1064 | D:4      | Noticed a lemure
  1064 | D:4      | Noticed a lemure
  1117 | D:4      | Noticed a lemure
  1147 | D:3      | Killed a lemure
  1200 | D:4      | Noticed a phantom
  1209 | D:3      | Killed a phantom
  1210 | D:3      | Reached XP level 5. HP: 16/28 MP: 5/11
  1264 | D:4      | Slain by Pikel

Illustrated notes

Levels and vault maps discovered:
D:1:      lemuel_arrival_tunnels, layout_loops_ring,
          chequers_ecumenical_altar_island, serial_shops,
          nicolae_shop_waterfront
D:2:      layout_loops_ring, minivault_24, corexii_leaking_fountain,
          chequers_jeans
D:3:      minmay_roachtagon, layout_loops_ring, grunt_qazlal_clouds,
          serial_glass, glass_columns_a, glass_columns_b, glass_columns_c,
          glass_columns_a, glass_columns_a, glass_columns_a,
          minmay_strange_pillars
D:4:      layout_cave_pools, minmay_crystal_water, uniq_pikel,
          uniq_blork_the_orc

Skill      XL: |  1  2  3  4 |
---------------+-------------+-----
Conjurations   | 2 3 4 |  4.3
Stealth        | 3 |  3.0
Fire Magic     | 4 |  4.4
Dodging        | 3 |  3.4
Spellcasting   | |  3.0

Action                   |  1- 3 |  4- 6 || total
-------------------------+-------+-------++-------
Melee: Unarmed           |     2 |       ||     2
       Short sword       |     5 |    24 ||    29
 Cast: Foxfire           |    57 |    45 ||   102
Armor: Robe              |     5 |     7 ||    12
Dodge: Dodged            |    15 |    28 ||    43

Table legend: (Time is in decaauts)
 A = Elapsed time spent in this place.
 B = Non-inter-level travel time spent in this place.
 C = Inter-level travel time spent in this place.
 D = Time resting spent in this place.
 E = Time spent auto-exploring this place.
 F = Levels seen in this place.
 G = Mean time per level.
                   A        B        C        D        E       F      G
               +--------+--------+--------+--------+--------+-----+--------+
         Total |   1294 |   1294 |      0 |      0 |      0 |   4 |  323.5 |
       Dungeon |   1294 |   1294 |      0 |      0 |      0 |   4 |  323.5 |
               +--------+--------+--------+--------+--------+-----+--------+

Top non-repeatable levels by time:
     D:3: 534 daAuts
     D:2: 414 daAuts
     D:1: 294 daAuts
     D:4: 51 daAuts
